 Dungeon Crawl Stone Soup version 0.13.1-27-ga479965 (console) character file.

47623 phalanx the Ripper (level 14, 43/67 HPs)
             Began as a Felid Monk on Feb 2, 2014.
             Was a Priest of Ashenzari.
             Drowned
             ... on Level 4 of the Shoals on Feb 4, 2014.
             The game lasted 06:03:17 (17248 turns).

phalanx the Ripper (Felid Monk)                    Turns: 17248, Time: 06:03:17

HP  43/67        AC  3     Str  7      XL: 14   Next:  4%
MP  26/29        EV 36     Int 14      God: Ashenzari [***...]
Gold 1332        SH  0     Dex 23      Spells:  4 memorised, 15 levels left
Lives: 0, deaths: 3

Res.Fire  : + . .   See Invis. : +     - Unarmed
Res.Cold  : + . .   Warding    : .   (armour unavailable)
Life Prot.: . . .   Conserve   : .   (shield unavailable)
Res.Poison: +       Res.Corr.  : .   (helmet unavailable)
Res.Elec. : .       Clarity    : +   (cloak unavailable)
Sust.Abil.: . .     Spirit.Shd : .   (gloves unavailable)
Res.Mut.  : .       Stasis     : .   (boots unavailable)
Res.Rott. : .       Flight     : .   L - cursed amulet of rage
Saprovore : . . .                    x - cursed ring of poison resistance
                                     A - cursed ring of Kipuopu {rF+ MR}

@: regenerating (expiring), exhausted, mildly poisoned, slowed, slow, extremely
resistant to hostile enchantments, fairly stealthy
A: paw claws, no armour, no advanced items, fangs 3, see invisible, carnivore 3,
speed 1, slow metabolism 1, AC +3
a: Renounce Religion, Evoke Berserk Rage


You were on level 4 of the Shoals.
You worshipped Ashenzari.
Ashenzari was most pleased with you.
You were very full.

You visited 4 branches of the dungeon, and saw 33 of its levels.
You also visited: Labyrinth and Ice Cave.

You collected 1500 gold pieces.
You spent 168 gold pieces at shops.

Inventory:

Scrolls
 a - 3 scrolls of teleportation
 b - 5 scrolls of identify
 e - 11 scrolls of remove curse
 n - 4 scrolls of blinking
 q - a scroll of fog
 H - a scroll of holy word
 J - a scroll of amnesia
Jewellery
 g - the amulet "Thaxoecs" {Stasis Stlth++}
   (You acquired it on level 8 of the Lair of Beasts)

   [amulet of stasis]

   It makes you much more stealthy.
 j - an uncursed ring of ice
 p - an uncursed amulet of resist corrosion
 u - an uncursed ring of teleport control
 x - a cursed ring of poison resistance (right paw)
 z - an uncursed ring of protection from fire
 A - the cursed ring of Kipuopu (left paw) {rF+ MR}
   (You found it on level 9 of the Dungeon)

   [ring of protection from magic]

   It protects you from fire.
   It has a curse placed upon it.
 D - an uncursed amulet of faith
 E - an uncursed amulet of resist mutation
 G - an uncursed amulet of guardian spirit
 L - a cursed amulet of rage (around neck)
Potions
 c - 3 potions of flight
 d - a potion of agility
 f - 2 potions of magic
 k - 2 potions of resistance
 m - 2 potions of brilliance
 s - 8 potions of curing
Books
 l - a Necronomicon {highlevel}

   This book is beyond your current level of understanding.

   Spells                             Type                      Level
   Borgnjor's Revivification          Necromancy                   7
   Haunt                              Necromancy/Summoning         7
   Death's Door                       Charms/Necromancy            8
   Necromutation                      Transmutation/Necromancy     8
 t - a book of Necromancy

   Spells                             Type                      Level
   Pain                               Necromancy                   1
   *Animate Skeleton                  Necromancy                   1
   Lethal Infusion                    Charms/Necromancy            2
   Vampiric Draining                  Necromancy                   3
   *Regeneration                      Charms/Necromancy            3
   Animate Dead                       Necromancy                   4
   Control Undead                     Necromancy                   4
 y - a tome of Destruction
 F - a book of Dreams

   Spells                             Type                      Level
   Ensorcelled Hibernation            Hexes/Ice                    2
   *Flight                            Charms/Air                   3
   Phase Shift                        Translocation                5
   Shadow Creatures                   Summoning                    5
   Mass Confusion                     Hexes                        6
   Darkness                           Hexes                        7
 M - a book of Frost

   Spells                             Type                      Level
   Freeze                             Ice                          1
   Throw Frost                        Conjuration/Ice              2
   Ozocubu's Armour                   Charms/Ice                   3
   Throw Icicle                       Conjuration/Ice              4
   Summon Ice Beast                   Ice/Summoning                4
   Condensation Shield                Ice                          4
Miscellaneous
 h - a fan of gales
 v - a sack of spiders
 I - a plain deck of changes {Vitrification, drawn: 8}


   Skills:
 * Level 14.4 Fighting
 - Level 17.0 Dodging
 - Level 2.6 Stealth
 + Level 17.9 Unarmed Combat
 - Level 6.0 Spellcasting
 + Level 4.8(7.7) Charms
 - Level 3.0(5.5) Summonings
 - Level 4.2(7.0) Necromancy
 - Level 3.1(5.6) Air Magic
 - Level 4.7(7.5) Evocations


You had 15 spell levels left.
You knew the following spells:

 Your Spells              Type           Power        Failure   Level  Hunger
a - Animate Skeleton      Necr           N/A          1%          1    None
b - Regeneration          Chrm/Necr      ###.......   2%          3    ###....
c - Flight                Chrm/Air       ###.......   3%          3    ###....
d - Abjuration            Summ           ###.......   6%          3    ###....


Dungeon Overview and Level Annotations

Branches:
Dungeon (19/27)            Temple (1/1) D:4            Lair (8/8) D:10
 Shoals (5/5) Lair:4        Slime (0/6) Lair:7
    Orc: D:6-11       Swamp: Lair:3-6     Snake: Lair:3-6    Spider: Lair:3-6
 Vaults: D:15-20

Altars:
Ashenzari
Cheibriados
Elyvilon
Fedhas
Makhleb
Nemelex Xobeh
Okawaru
Sif Muna
Trog
Vehumet
Xom
Zin
the Shining One

Shops:
D:5 [   D:16 +   Shoals:4 ?

Portals:
Hell: Lair:8
Ziggurat: D:15 (2700 gp)

Annotations:
Lair:3 exclusion: oklob plant
Shoals:4 Ilsuiw


Innate Abilities, Weirdness & Mutations

You cannot wear armour.
You are incapable of any advanced item manipulation.
Your paws have sharp claws.
You have razor-sharp teeth.
You have supernaturally acute eyesight.
You are carnivorous and can eat meat at any time.
You cover ground quickly.
Your thick and shaggy fur keeps you warm (AC +3, rC+).
You have a slow metabolism.


Message History

You are exhausted.
You feel yourself slow down.
You barely miss Ilsuiw. You bite Ilsuiw.
Ilsuiw is lightly wounded.
Your skin is crawling a little less now.
Ilsuiw completely misses you.
You closely miss Ilsuiw. Your punch misses Ilsuiw.
Ilsuiw is lightly wounded.
Ilsuiw completely misses you.
You claw Ilsuiw!
Ilsuiw begins to bleed from her wounds!
Ilsuiw is lightly wounded.
Ilsuiw completely misses you.
You miss Ilsuiw.
Ilsuiw is lightly wounded.
Ilsuiw closely misses you.
You mangle Ilsuiw!!
Ilsuiw is moderately wounded.
You float gracefully downwards.
You fall into the water!
You drown...
You die...

≈≈≈≈≈≈≈≈≈≈≈≈≈≈≈≈≈≈..≈≈≈≈..P.P≈≈≈≈
≈≈≈≈≈≈≈≈≈≈≈≈≈≈≈≈≈≈≈≈≈≈≈≈.....≈≈≈≈
≈≈≈≈≈≈≈≈≈≈≈≈≈≈≈≈≈≈≈≈≈≈≈≈≈..P.≈≈≈≈
≈≈≈≈≈≈≈≈≈)≈≈≈≈≈≈≈≈≈≈≈..≈.#P...≈≈≈
≈≈≈≈≈≈.≈≈≈≈≈≈≈z≈≈≈≈≈.##.## #..≈P≈
≈≈≈≈≈≈≈..≈≈≈≈≈≈≈≈≈≈≈###### ##.≈≈P
.≈≈≈≈≈≈≈.≈≈≈≈≈≈z≈≈≈≈....P###.≈≈P≈
....≈≈≈..≈≈≈≈.≈≈≈≈≈≈≈........≈P≈P
###..≈≈.####.#≈m@≈≈≈≈≈P≈P...≈P≈PP
#...(.%##...≈≈≈≈≈≈>###.###.≈≈≈≈
#......../≈≈≈≈≈≈≈≈≈##..##...≈PP
####..%≈≈≈≈≈≈≈≈≈≈(.#PP.#.P.P...
#....≈≈≈≈≈≈≈≈≈≈P.PP..≈.PPP##
#####z....≈≈≈≈≈≈≈≈≈.....≈≈≈P.P#
#....Z####..≈≈≈≈≈≈≈...≈≈≈≈≈≈≈.#*
##.....# ###..≈≈≈≈≈..≈≈≈≈≈≈≈≈...
...≈≈..# ###(≈≈≈≈≈≈≈≈≈≈≈≈≈≈≈≈.


You could see Ilsuiw (bleeding) and 2 friendly merfolk skeletons.

Vanquished Creatures
  Saint Roka (D:18)
  Mara (D:18)
  2 illusory
  Maras (D:18)
  Kirke (D:18)
  Aizul (D:18)
  Jorgrun (D:18)
  3 merfolk impalers
  4 sirens
  A minotaur (Lab)
  A merfolk aquamancer (Shoals:4)
  Fannar (Lair:5)
  The ghost of smajdalf the Arsonist, a powerful DrCj of Vehumet (IceCv)
  14 hydras
  An alligator snapping turtle (Shoals:3)
  An ogre mage (D:17)
  5 death yaks (Lair:8)
  A sun demon (Lair:8)
  A very ugly thing (D:18)
  3 centaur warriors
  A catoblepas (Lair:8)
  An unseen horror (shapeshifter) (D:18)
  5 large abominations (D:9)
  2 deep elf knights (D:17)
  7 sea snakes
  2 wizards
  An unseen horror (D:10)
  2 ice statues (IceCv)
  Pikel (D:5)
  5 hill giants
  An orc knight (D:18)
  11 harpies
  2 griffons
  5 cyclopes
  4 elephants (Lair:5)
  4 black mambas
  10 spiny frogs
  An orange demon (Lair:8)
  A smoke demon (Lair:8)
  A fire drake (Lair:5)
  8 mermaids
  5 trolls
  A polar bear (Lair:4)
  A deep elf priest (D:17)
  5 hellwings (Lair:8)
  A two-headed ogre (D:17)
  A hydra zombie (D:12)
  4 komodo dragons
  8 snapping turtles
  2 red wasp zombies
  21 slime creatures
  A raven (shapeshifter) (D:15)
  A griffon skeleton (D:17)
  A vampire (D:16)
  44 ugly things
  7 octopodes (Shoals:5)
  5 wyverns
  A hog (D:18)
  A hungry ghost (D:16)
  7 blink frogs
  A water elemental (Shoals:3)
  40 yaks
  16 hippogriffs
  3 shadows
  A deep elf fighter (D:17)
  4 vampire mosquitoes (D:17)
  3 sharks
  29 merfolk
  The ghost of Chiseanne the Magician, an average DsAE (D:4)
  13 manticores
  2 mottled dragons
  A yellow wasp (D:9)
  3 porcupines
  5 orc warriors
  A black bear (D:15)
  13 centaurs
  2 nagas (Lair:6)
  A griffon simulacrum (D:18)
  7 small abominations (D:9)
  10 ice beasts
  A phantom (D:9)
  A tengu (Shoals:1)
  3 boring beetles
  5 rotting devils (Lair:8)
  4 ogres
  12 crocodiles
  4 wargs (D:18)
  5 giant slugs
  4 big kobolds
  3 agate snails
  13 giant frogs
  7 water moccasins
  An eye of draining (D:11)
  A troll zombie (D:15)
  A troll skeleton (D:9)
  A yak skeleton (D:12)
  2 hippogriff skeletons (D:10)
  5 crimson imps
  3 killer bees (D:10)
  4 orc priests
  A two-headed ogre zombie (D:11)
  A giant frog zombie (D:12)
  A goliath beetle (D:16)
  A yaktaur simulacrum (D:17)
  A giant frog skeleton (D:4)
  5 iguanas
  11 hounds
  3 scorpions
  4 worker ants
  5 orc wizards
  12 sheep
  A mottled dragon zombie (D:12)
  Jessica (D:2)
  An ogre skeleton (D:8)
  A basilisk simulacrum (D:16)
  3 boggarts (D:15)
  2 mummies
  3 gnolls (D:4)
  2 giant centipedes
  22 green rats
  5 giant mites
  20 adders
  An adder skeleton (D:8)
  A giant eyeball (D:8)
  A giant gecko (D:3)
  29 orcs
  12 bats
  4 giant cockroaches
  12 hobgoblins
  13 jackals
  9 kobolds
  12 quokkas
  7 giant newts
  8 goblins
  13 rats
  A fungus (Lair:8)
701 creatures vanquished.

Vanquished Creatures (collateral kills)
  2 sirens
  A harpy (Shoals:3)
  A mermaid (Shoals:4)
  2 snapping turtles
  A water elemental (Shoals:3)
  6 merfolk
  An ugly thing (D:18)
  A manticore (Shoals:1)
  2 bats
17 creatures vanquished.

Vanquished Creatures (others)
  A sea snake skeleton (Shoals:3)
  A siren skeleton (Shoals:5)
  2 humans (D:18)
  A two-headed ogre (IceCv)
  3 dancing weapons (D:15)
  A black bear (D:18)
  4 ogres
  A snapping turtle skeleton (Shoals:4)
  A merfolk skeleton (Shoals:5)
  A mermaid skeleton (Shoals:5)
  2 manticore skeletons (Shoals:4)
  A crimson imp (D:15)
  A hippogriff skeleton (Shoals:5)
  A yak skeleton (D:15)
  A quasit (D:15)
  A lemure (D:15)
  A bat (Shoals:1)
  6 fungi
  A plant (Lair:7)
31 creatures vanquished.

Grand Total: 749 creatures vanquished

Notes
Turn   | Place    | Note
--------------------------------------------------------------
     0 | D:1      | phalanx, the Felid Monk, began the quest for the Orb.
     0 | D:1      | Reached XP level 1. HP: 9/9 MP: 1/1
   293 | D:2      | Reached XP level 2. HP: 13/13 MP: 2/2
   306 | D:2      | Noticed Jessica
   494 | D:3      | Reached XP level 3. HP: 6/16 MP: 4/4
   629 | D:4      | Found a staircase to the Ecumenical Temple.
   795 | D:4      | Reached skill level 5 in Unarmed Combat
   795 | D:4      | Reached XP level 4. HP: 17/20 MP: 6/6
   799 | Temple   | Entered the Ecumenical Temple
   885 | D:5      | Entered Level 5 of the Dungeon
   995 | D:5      | Found Vivaus' Antique Armour Boutique.
   995 | D:5      | Noticed Pikel
   995 | D:5      | Noticed a slave
   995 | D:5      | Noticed a slave
   995 | D:5      | Noticed a slave
   995 | D:5      | Noticed a slave
  1228 | D:4      | Noticed an ogre
  1262 | D:4      | Killed an ogre
  1262 | D:4      | Reached XP level 5. HP: 19/23 MP: 7/7
  1398 | D:2      | Killed Jessica
  1561 | D:2      | Found a bloodstained altar of Trog.
  1571 | D:2      | Became a worshipper of Trog the Wrathful
  1571 | D:2      | Acquired Trog's first power
  1571 | D:2      | Acquired Trog's second power
  1659 | D:4      | Noticed Chiseanne's ghost (average DsAE)
  1667 | D:4      | Killed Chiseanne's ghost
  1667 | D:4      | Reached skill level 5 in Dodging
  1667 | D:4      | Reached skill level 6 in Unarmed Combat
  1667 | D:4      | Gained mutation: You are covered in thick fur (AC +2). [growing up]
  1667 | D:4      | Reached XP level 6. HP: 27/27 MP: 9/9
  2033 | D:5      | Killed Pikel
  2033 | D:5      | Reached skill level 7 in Unarmed Combat
  2033 | D:5      | Reached XP level 7. HP: 20/31 MP: 11/11
  2166 | D:7      | Got a warped bronze ring
  2189 | D:7      | Noticed a wyvern
  2195 | D:7      | Killed a wyvern
  2195 | D:7      | Reached skill level 8 in Unarmed Combat
  2195 | D:7      | Reached XP level 8. HP: 35/35 MP: 12/12
  2319 | D:7      | Identified the ring "Gryaloj" {Hunger- rPois Str-4} (You found it on level 7 of the Dungeon)
  2370 | D:8      | Reached skill level 5 in Fighting
  2604 | D:9      | Found a glowing silver altar of Zin.
  2650 | D:9      | Got a twitching silver ring
  2781 | D:8      | Reached skill level 9 in Unarmed Combat
  2808 | D:8      | Identified the ring of Kipuopu {rF+ MR} (You found it on level 9 of the Dungeon)
  3042 | D:9      | Reached XP level 9. HP: 28/39 MP: 14/14
  3203 | D:9      | Noticed a wizard
  3211 | D:9      | Killed a wizard
  3211 | D:9      | Reached skill level 10 in Unarmed Combat
  3241 | D:9      | Noticed a large abomination
  3241 | D:9      | Noticed a large abomination
  3241 | D:9      | Noticed a large abomination
  3359 | D:9      | Acquired Trog's third power
  3411 | D:9      | Noticed a troll
  3428 | D:9      | Killed a troll
  3616 | D:10     | Entered Level 10 of the Dungeon
  3616 | D:10     | Noticed a cyclops
  3667 | D:10     | Killed a cyclops
  3667 | D:10     | Reached skill level 11 in Unarmed Combat
  3668 | D:10     | Reached XP level 10. HP: 40/45 MP: 16/16
  3831 | D:10     | Found a staircase to the Lair.
  3831 | D:10     | Noticed an unseen horror
  3853 | D:10     | Killed an unseen horror
  3863 | D:10     | Reached skill level 10 in Dodging
  3922 | Lair:1   | Entered Level 1 of the Lair of Beasts
  4328 | Lair:4   | Reached skill level 12 in Unarmed Combat
  4424 | Lair:3   | Noticed an oklob plant
  4425 | Lair:3   | Noticed a four-headed hydra
  4463 | Lair:4   | Found a staircase to the Shoals.
  4678 | Lair:5   | Noticed Fannar
  4695 | Lair:5   | Killed Fannar
  4695 | Lair:5   | Reached XP level 11. HP: 45/49 MP: 17/17
  4772 | Lair:5   | Noticed a four-headed hydra
  4787 | Lair:5   | Killed a four-headed hydra
  4886 | Lair:5   | Reached skill level 13 in Unarmed Combat
  4960 | Lair:5   | Noticed a black mamba
  4973 | Lair:5   | Killed a black mamba
  5352 | Lair:5   | Noticed a five-headed hydra
  5364 | Lair:5   | Killed a five-headed hydra
  5602 | Lair:6   | Noticed a six-headed hydra
  5644 | Lair:6   | Killed a six-headed hydra
  5644 | Lair:6   | Reached skill level 14 in Unarmed Combat
  5672 | Lair:6   | Noticed an eight-headed hydra
  5717 | Lair:6   | Killed an eight-headed hydra
  5746 | Lair:6   | Noticed a six-headed hydra
  5781 | Lair:6   | Killed a six-headed hydra
  5781 | Lair:6   | Gained mutation: Your thick and shaggy fur keeps you warm (AC +3, rC+). [growing up]
  5781 | Lair:6   | Reached XP level 12. HP: 10/54 MP: 2/18
  5784 | Lair:6   | Slain by a spiny frog
  5785 | Lair:6   | Reached XP level 11. HP: -2/75 MP: 0/17
  5832 | Lair:6   | Reached skill level 10 in Fighting
  6024 | Lair:7   | Noticed an acid blob
  6026 | Lair:7   | Found a staircase to the Slime Pits.
  6077 | Lair:7   | Found a frozen archway.
  6082 | Lair:7   | Gained mutation: You are partially covered in rough black scales (AC +4, Dex -1). [potion of beneficial mutation]
  6104 | IceCv    | Entered an ice cave
  6157 | IceCv    | Noticed an ice statue
  6157 | IceCv    | Noticed an ice statue
  6157 | IceCv    | Noticed smajdalf's ghost (powerful DrCj)
  6171 | IceCv    | Killed smajdalf's ghost
  6184 | IceCv    | Killed an ice statue
  6202 | IceCv    | Killed an ice statue
  6302 | Lair:7   | Noticed a six-headed hydra
  6312 | Lair:7   | Killed a six-headed hydra
  6509 | Lair:8   | Entered Level 8 of the Lair of Beasts
  6524 | Lair:8   | Identified a scroll of acquirement
  6525 | Lair:8   | Got an ancient copper amulet
  6552 | Lair:8   | Found a labyrinth entrance.
  6554 | Lair:8   | Noticed a catoblepas
  6557 | Lab      | Entered a labyrinth
  6800 | Lab      | Noticed a minotaur
  6811 | Lab      | Killed a minotaur
  6811 | Lab      | Reached skill level 15 in Unarmed Combat
  6853 | Lair:8   | Killed a catoblepas
  7040 | Lair:8   | Noticed a death yak
  7066 | Lair:8   | Killed a death yak
  7066 | Lair:8   | Reached XP level 12. HP: 28/55 MP: 9/18
  7279 | Lair:8   | Noticed an eight-headed hydra
  7289 | Lair:8   | Killed an eight-headed hydra
  7315 | Lair:8   | Noticed a death yak
  7315 | Lair:8   | Noticed a death yak
  7316 | Lair:8   | Noticed a death yak
  7316 | Lair:8   | Noticed a death yak
  7348 | Lair:8   | HP: 1/55 [death yak (20)]
  7361 | Lair:8   | Killed a death yak
  7409 | Lair:8   | Killed a death yak
  7424 | Lair:8   | Killed a death yak
  7430 | Lair:8   | Killed a death yak
  7453 | Lair:8   | Noticed a four-headed hydra
  7483 | Lair:8   | Noticed a seven-headed hydra
  7486 | Lair:8   | Killed a four-headed hydra
  7499 | Lair:8   | Killed a seven-headed hydra
  7559 | Lair:8   | Noticed a six-headed hydra
  7570 | Lair:8   | Killed a six-headed hydra
  7633 | Lair:8   | Noticed a wizard
  7644 | Lair:8   | Killed a wizard
  7646 | Lair:8   | Found a burning altar of Makhleb.
  7670 | Lair:8   | Reached skill level 16 in Unarmed Combat
  7698 | Lair:8   | Noticed a sun demon
  7719 | Lair:8   | Killed a sun demon
  7794 | Lair:8   | Found a gateway to Hell.
  8202 | D:11     | Reached XP level 13. HP: 60/60 MP: 20/20
  8305 | D:11     | Identified the amulet "Thaxoecs" {Stasis Stlth++} (You acquired it on level 8 of the Lair of Beasts)
  8519 | D:14     | Entered Level 14 of the Dungeon
  8707 | D:15     | Entered Level 15 of the Dungeon
  8865 | D:15     | Reached skill level 15 in Dodging
  9140 | D:15     | Lost mutation: You are partially covered in rough black scales (AC +4, Dex -1). [helix card]
  9174 | D:16     | Found Iduufun's Book Emporium.
  9782 | D:17     | Reached skill level 17 in Unarmed Combat
 10139 | D:17     | Found a glowing silver altar of Zin.
 10315 | D:18     | Noticed a quicksilver dragon
 10531 | D:18     | Reached XP level 14. HP: 66/66 MP: 20/20
 10780 | D:18     | Noticed Jorgrun
 10780 | D:18     | Noticed Mara
 10786 | D:18     | Noticed phalanx's illusion
 11118 | D:18     | Noticed Aizul
 11121 | D:18     | Killed Jorgrun
 11168 | D:18     | Tedronai: how could this ever be a bad idea...
 11179 | D:18     | Killed Aizul
 11184 | D:18     | Yermak: Jorgrun, Mara and Aizul in one place
 11184 | D:18     | Yermak: cool
 11234 | D:16     | Tedronai: had this recently:
 11234 | D:16     | Tedronai: Vaults:5: serial_shops, uniq_mennas, uniq_jorgrun, uniq_boris, uniq_jory
 11435 | D:15     | Found a gateway to a ziggurat.
 11555 | D:16     | Moses: I havent found vaults yet
 11555 | D:16     | Tedronai: why not? :D
 11555 | D:16     | Moses: and I wasted many ressources against Mara/Jorgrun
 11555 | D:16     | Moses: atleast they are out of the way now
 11555 | D:16     | Moses: I mean Aizul, not Mara
 11555 | D:16     | Tedronai: is this your game?
 11555 | D:16     | Moses: yes
 11555 | D:16     | Tedronai: different account?!
 11555 | D:16     | Moses: phalanx is just my console account
 11555 | D:16     | Tedronai: you can use the same
 11555 | D:16     | Tedronai: spectate your own game for chat if you want
 11555 | D:16     | Yermak: What about D:15?
 11605 | D:18     | Yermak: oh, it's 0.13 version
 11645 | D:18     | Noticed Kirke
 11645 | D:18     | Tedronai: lol
 11645 | D:18     | Tedronai: mara kirke jogrun and aizul all in one place
 11645 | D:18     | Moses: and a ghost aswell
 11674 | D:18     | Killed Kirke
 11678 | D:18     | Tedronai: i don't see why you are engaging them all
 11678 | D:18     | Tedronai: just skip the floor
 11678 | D:18     | Moses: there's only mara and the ghost left
 11679 | D:18     | Tedronai: still it benefits you very little
 11680 | D:18     | Tedronai: it's a risk/reward thing
 11710 | D:18     | Noticed Mara
 11715 | D:18     | Killed Mara
 11717 | D:18     | Noticed Mara
 11719 | D:18     | Killed Mara
 11720 | D:18     | Moses: is this just a clone?
 11720 | D:18     | Tedronai: not sure
 11720 | D:18     | Tedronai: must be
 11720 | D:18     | Yermak: yes, clone
 11720 | D:18     | Tedronai: demon blade is on the floor
 11720 | D:18     | Moses: the other clone hit pretty hard
 11720 | D:18     | Yermak: summon with the same spells and inventory
 11722 | D:18     | Killed Mara
 11723 | D:18     | Moses: now it's the ghost's turn
 11900 | D:18     | Moses: now, I have to backtrack
 11900 | D:18     | Tedronai: is there even a ghost?
 11900 | D:18     | Tedronai: or was it mara's copy of you
 11900 | D:18     | Tedronai: check ctrl-o
 11900 | D:18     | Tedronai: no annotation for a ghost
 11900 | D:18     | Yermak: Yes, Mara's copy
 11900 | D:18     | Moses: oh, I see
 11900 | D:18     | Moses: is there a command to check other floors?
 11900 | D:18     | Moses: similar to ctrl-x
 11900 | D:18     | Tedronai: ?
 11900 | D:18     | Tedronai: if you encounter any unique/ghost it is listed here
 11900 | D:18     | Moses: i mean, exploring a floor manually, in the same way as ctrl-x does
 11900 | D:18     | Moses: on a different level
 11900 | D:18     | Tedronai: oh you mean shift
 11900 | D:18     | Tedronai: go onto a staircase and press [ for up one floor and ] for down
 11900 | D:18     | Yermak: shift-x [ - prev. floor
 11900 | D:18     | Tedronai: in shift X mode
 11900 | D:18     | Yermak: shift-x ] - next
 11900 | D:18     | Moses: thank you very much
 11900 | D:16     | Yermak: shift-x shift-g - choose one you want
 11900 | D:15     | Moses: I have to found vaults without wasting many turns
 11900 | D:15     | Yermak: X [[[[]]]] is what you need
 11900 | D:15     | Yermak: also
 11900 | D:14     | Yermak: you can right-click minimap in tiles
 11900 | D:13     | Yermak: it allows to watch through map without keyboard
 11900 | D:13     | Moses: i am trying to get used to tiles, that's why I was logged in on 2 accounts
 11900 | D:13     | Moses: hahaha
 11900 | D:15     | Moses: what do you think? d20 or d15?
 11900 | D:19     | Yermak: Get to D:15 by [[[
 11900 | D:18     | Tedronai: i'm not used to 0.13 any more
 11900 | D:18     | Yermak: So I have access to minimap
 11900 | D:15     | Yermak: there is a lot of unexplored space
 11900 | D:18     | Moses: yes, and d20 seems too dangerous at this point
 11900 | D:18     | Moses: if it's not there, I will get the lair runes first
 11900 | D:18     | Tedronai: holy shit yermak that right click minimap is sweet!
 11932 | D:18     | Noticed Saint Roka
 11933 | D:18     | Tedronai: BAM
 11933 | D:18     | Yermak: Tedronai, you can also scroll inventory by yourself when player watches at it
 11933 | D:18     | Moses: it's tempting, but his chain-smiting will kill me
 11933 | D:18     | Tedronai: his bolt will kill you :D
 11933 | D:18     | Tedronai: thanks for the info yermak
 11933 | D:18     | Moses: his bolts aswell
 11934 | D:18     | Yermak: Before I thought you lost many lives and that's why you're xl 14 on D:18
 11934 | D:18     | Yermak: but now I see your turncount
 11934 | D:18     | Moses: I've lost one life without any danger to a hydra
 11934 | D:18     | Moses: because I was getting greedy
 11934 | D:18     | Tedronai: you got greedy with aizul too :D
 11934 | D:18     | Moses: No I just hate aizul hahaha
 11934 | D:18     | Tedronai: i mean good that you made it, but you should have died there...
 11934 | D:18     | Tedronai: rng really loved you there
 11934 | D:18     | Moses: you
 11934 | D:18     | Moses: are right, yes
 11934 | D:18     | Moses: I do have !inv
 11934 | D:18     | Yermak: you can try invis-berserk
 11934 | D:18     | Yermak: But I don't promise you'll live
 11934 | D:18     | Moses: got 2 extra lives
 11934 | D:18     | Yermak: Also I'd wear that +1 EV ring instead of rF+
 11934 | D:18     | Yermak: rF++ is too much and you can swap in case of danger
 11934 | D:18     | Moses: will have to do that later, yes
 11934 | D:18     | Moses: i switched for mara
 11934 | D:18     | Tedronai: i wish you good luck, i need to head off now
 11934 | D:18     | Moses: thank you
 11934 | D:18     | Moses: what do you say, yermak?
 11934 | D:18     | Yermak: What about?
 11934 | D:18     | Moses: tele or fight?
 11934 | D:18     | Yermak: Wel, it's your decision
 11934 | D:18     | Moses: hahaha
 11934 | D:18     | Yermak: I'd fall back
 11934 | D:18     | Moses: i love your spriggan runs btw
 11934 | D:18     | Yermak: thx
 11940 | D:18     | HP: 2/67 [Saint Roka/divine providence (9)]
 11941 | D:18     | Moses: oops
 11941 | D:18     | Yermak: you should have ran diagonally
 11941 | D:18     | Yermak: now I'd say it's blink scroll
 11958 | D:18     | Yermak: btw, shift-x shift-g gives you access to minimap
 11970 | D:18     | Yermak: which you can rightclick in tiles for easier scrolling
 12081 | D:18     | Killed Saint Roka
 12175 | D:9      | Moses: this was a really weird vault
 12175 | D:15     | Yermak: Why so?
 12218 | D:15     | Yermak: I'm not sure you nderstood Me
 12363 | D:15     | Yermak: it much easier to look through map with mouse in tiles
 12472 | D:15     | Yermak: you can do it even as a spectator
 12476 | D:15     | Moses: oh I see
 12476 | D:15     | Moses: not in console apparently
 12476 | D:15     | Yermak: And you can get minimap of other floors with shift-x shift-g
 12476 | D:15     | Moses: doesnt work in console
 12476 | D:15     | Yermak: oh well
 12476 | D:15     | Moses: give me a second
 12476 | D:15     | phalanx: am I pressing the wrong buttons?
 12476 | D:15     | Yermak: hmm
 12476 | D:15     | Yermak: a sec
 12476 | D:15     | Yermak: no, all is good
 12476 | D:15     | Yermak: just choose the destination
 12476 | D:10     | Yermak: it uses the same dialogue
 12476 | D:15     | phalanx: I understand
 12476 | D:15     | phalanx: vaults seems to be on d20
 12476 | D:15     | Yermak: I guess it should be changed, a little confusing
 12476 | D:15     | phalanx: tiles is too laggy
 12476 | D:15     | phalanx: thanks for all the tips so far
 12476 | D:15     | Yermak: you're welcome
 12476 | D:15     | phalanx: i will continue later
 12859 | Temple   | Fell from the grace of Trog
 12859 | Temple   | Became a worshipper of Ashenzari the Shackled
 12875 | Temple   | Learned a level 1 spell: Animate Skeleton
 12879 | Temple   | Learned a level 3 spell: Regeneration
 12883 | Temple   | Learned a level 3 spell: Flight
 13064 | D:9      | Killed a large abomination
 13068 | D:9      | Reached skill level 1 in Necromancy
 13084 | D:9      | Killed a large abomination
 13084 | D:9      | Reached skill level 1 in Spellcasting
 13087 | D:9      | Noticed a large abomination
 13087 | D:9      | Killed a large abomination
 13090 | D:9      | Killed a large abomination
 13090 | D:9      | Reached skill level 1 in Charms
 13095 | D:9      | Noticed a large abomination
 13108 | D:9      | Killed a large abomination
 13108 | D:9      | Reached XP level 15. HP: 70/72 MP: 22/24
 13479 | Lair:1   | Noticed a black mamba
 13516 | Lair:1   | Noticed a five-headed hydra
 13737 | Lair:2   | Noticed a black mamba
 13759 | Lair:2   | Killed a black mamba
 14060 | Lair:3   | Killed a four-headed hydra
 14223 | Lair:3   | Noticed a black mamba
 14236 | Lair:3   | Killed a black mamba
 14411 | Shoals:1 | Entered Level 1 of the Shoals
 14556 | Shoals:2 | Acquired Ashenzari's first power
 14608 | Shoals:2 | Reached skill level 1 in Air Magic
 15432 | Shoals:1 | Learned a level 3 spell: Abjuration
 15491 | Shoals:1 | Acquired Ashenzari's second power
 15612 | Shoals:1 | Reached skill level 1 in Summonings
 15661 | Shoals:3 | Reached skill level 5 in Spellcasting
 16035 | Shoals:4 | Found Fekahyh's Magic Scroll Shop.
 16046 | Shoals:4 | Bought a scroll of fear for 49 gold pieces
 16046 | Shoals:4 | Bought a scroll of teleportation for 42 gold pieces
 16046 | Shoals:4 | Bought a scroll of blinking for 77 gold pieces
 16077 | Shoals:5 | Entered Level 5 of the Shoals
 16115 | Shoals:5 | Noticed Ilsuiw
 16193 | Shoals:5 | Reached skill level 1 in Evocations
 16782 | Shoals:4 | Mangled by a merfolk impaler
 16783 | Shoals:4 | Reached XP level 14. HP: -7/67 MP: 7/29
 16874 | Shoals:4 | Killed from afar by a merfolk aquamancer
 16875 | Shoals:4 | Reached XP level 13. HP: -4/63 MP: 23/28
 17081 | Shoals:5 | Reached XP level 14. HP: 39/67 MP: 29/29
 17086 | Shoals:5 | HP: 2/67 [cyclops (25)]
 17248 | Shoals:4 | Drowned

Action                   |  1- 3 |  4- 6 |  7- 9 | 10-12 | 13-15 || total
-------------------------+-------+-------+-------+-------+-------++-------
Melee: Unarmed           |    70 |   117 |   239 |   920 |  1756 ||  3102
 Cast: Regeneration      |       |       |       |       |    91 ||    91
       Flight            |       |       |       |       |    24 ||    24
       Animate Skeleton  |       |       |       |       |    21 ||    21
Invok: Trog's Hand       |       |     3 |     9 |    34 |    34 ||    80
       Berserk           |       |     3 |    10 |    28 |     9 ||    50
       Brothers in Arms  |       |       |       |     1 |     5 ||     6
 Abil: Evoke Berserk Rag |       |       |       |       |     3 ||     3
Evoke: Deck              |       |       |       |       |    19 ||    19
  Use: Potion            |     3 |     1 |     1 |     3 |     9 ||    17
       Scroll            |       |       |     7 |    15 |    30 ||    52
 Stab: Sleeping          |     5 |     2 |     5 |    11 |    12 ||    35
       Distracted        |       |       |     1 |     1 |     7 ||     9
       Invisible         |       |       |       |     1 |    10 ||    11
